 Dungeon Crawl Stone Soup version 0.20.0-4-g10b340a (webtiles) character file.

352 RaHiT the Transmogrifier (level 6, -5/43 HPs)
             Began as a Merfolk Transmuter on May 28, 2017.
             Slain by an orc warrior
             ... wielding a +0 short sword
              (12 damage)
             ... on level 4 of the Dungeon.
             The game lasted 00:22:57 (5437 turns).

RaHiT the Transmogrifier (Merfolk Transmuter)       Turns: 5437, Time: 00:22:58

Health: -5/43      AC:  3    Str: 12    XL:     6   Next: 62%
Magic:  17/18      EV: 13    Int: 13    God:
Gold:   173        SH:  0    Dex: 14    Spells: 3/9 levels left

rFire    . . .     SeeInvis .     - Unarmed
rCold    . . .     Gourm    .   (no shield)
rNeg     . . .     Faith    +   b - +0 robe
rPois    .         Spirit   .   (no helmet)
rElec    .         Reflect  .   (no cloak)
rCorr    .         Harm     .   (no gloves)
MR       +....                  v - +0 pair of boots
Stlth    +.........             w - amulet of faith
Regen    0.2/turn               u - ring of magical power
MPRegen  0.2/turn               f - ring of protection from magic

@: no status effects
A: change form in water, swift swim, stealthy swim
a: no special abilities


You were on level 4 of the Dungeon.
You were not hungry.

You visited 1 branch of the dungeon, and saw 4 of its levels.

You collected 173 gold pieces.

Inventory:

Missiles
 a - 20 arrows
Armour
 b - a +0 robe (worn)
 v - a +0 pair of boots (worn)
Jewellery
 f - a ring of protection from magic (right hand)
 g - an uncursed ring of positive energy
 s - an uncursed ring of resist corrosion
 u - a ring of magical power (left hand)
 w - an amulet of faith (around neck)
Wands
 p - a wand of lightning (7/15)
Scrolls
 e - a scroll of immolation
 i - a scroll of fog
 k - a scroll of enchant armour {unknown}
 q - a scroll of teleportation
 t - a scroll of amnesia {unknown}
Potions
 h - a potion of curing
 j - a potion of lignification
 l - 2 potions of brilliance
 m - a potion of haste {unknown}
 r - a potion of flight
Books
 c - a book of Changes

   Spells                             Type                      Level
   a - Beastly Appendage              Transmutation                1
   b - Sticks to Snakes               Transmutation                2
   c - Spider Form                    Transmutation/Poison         3
   d - Ice Form                       Ice/Transmutation            4
   e - Blade Hands                    Transmutation                5
Comestibles
 d - 3 bread rations
 n - 2 meat rations
 o - 8 fruits


   Skills:
 - Level 1.3 Fighting
 - Level 3.0 Dodging
 - Level 4.3 Unarmed Combat
 - Level 2.0 Spellcasting
 + Level 8.1 Transmutations


You had 3 spell levels left.
You knew the following spells:

 Your Spells              Type           Power        Failure   Level  Hunger
a - Beastly Appendage     Tmut           ###...       1%          1    ##.....
b - Sticks to Snakes      Tmut           ###.....     1%          2    ###....
c - Spider Form           Tmut/Pois      ##........   14%         3    ####...


Dungeon Overview and Level Annotations

Branches:
Dungeon (4/15)
 Temple: D:4-7

Altars:
Elyvilon
Gozag
Hepliaklqana
Kikubaaqudgha
Nemelex Xobeh
Ru
Trog
Xom

Shops:
D:4 (


Message History

You are very lightly contaminated with residual magic.
Nothing appears to happen.
The orc priest mumbles some strange prayers to Beogh against you.
Beogh smites you!
An orc comes into view. It is wielding a flail.
The orc priest hits you with a dagger. The orc closely misses you.
The orc warrior barely misses you. The orc completely misses you.
The orc warrior hits you with a short sword!
* * * LOW HITPOINT WARNING * * *
The orc priest calls down the wrath of Beogh upon you.
You resist with some effort.
Your transformation is almost over.
Your transformation has ended.
Your +0 pair of boots unmelds from your body.
Your +0 robe unmelds from your body.
Your magical contamination has completely faded away.
There is a stone staircase leading up here.
You see here 2 tomahawks.
The orc warrior hits you with a short sword!
You die...

.......................##..#
#######.##.......o#######oo#
#...........## #..# #
#<..........# #o.# ##8$
#....#.....## #..#.....
######.....## #..o.$(..
#....(..# #..#..###
#......o# #..#.## #......@#
#..# # ##.....## #..#
##...## #... ##### #..##
##.# .#


You could see an orc warrior.

Vanquished Creatures
  A crimson imp (D:3)
  An orc wizard (D:4)
  2 orc priests
  A worker ant (D:3)
  10 adders
  2 oozes
  2 dart slugs (D:1)
  2 leopard geckos (D:4)
  8 orcs
  7 bats
  5 giant cockroaches
  10 goblins
  11 hobgoblins
  5 jackals (D:2)
  2 quokkas
  2 ball pythons (D:3)
  4 frilled lizards
  10 kobolds
  A quokka skeleton (D:4)
  9 rats
95 creatures vanquished.

Notes
Turn   | Place    | Note
-------+----------+-------------------------------------------
     0 | D:1      | RaHiT the Merfolk Transmuter began the quest for the Orb.
     0 | D:1      | Reached XP level 1. HP: 15/15 MP: 3/3
   482 | D:1      | Reached skill level 3 in Transmutations
   642 | D:1      | Reached XP level 2. HP: 21/21 MP: 3/5
   646 | D:1      | Learned a level 2 spell: Sticks to Snakes
  1045 | D:1      | Reached XP level 3. HP: 26/26 MP: 4/6
  1790 | D:2      | Found a sparkling altar of Nemelex Xobeh.
  1800 | D:2      | Found an ancient bone altar of Kikubaaqudgha.
  1932 | D:2      | Reached skill level 4 in Transmutations
  1938 | D:2      | Reached XP level 4. HP: 32/32 MP: 7/7
  1947 | D:2      | Learned a level 3 spell: Spider Form
  1975 | D:2      | Found a sacrificial altar of Ru.
  1975 | D:2      | Found a white marble altar of Elyvilon.
  2116 | D:2      | Found a shimmering altar of Xom.
  2666 | D:2      | Found a hazy altar of Hepliaklqana.
  2781 | D:3      | Reached skill level 5 in Transmutations
  2781 | D:3      | Reached XP level 5. HP: 34/37 MP: 1/8
  3152 | D:3      | Reached skill level 6 in Transmutations
  3174 | D:3      | Found a white marble altar of Elyvilon.
  3734 | D:3      | Reached skill level 7 in Transmutations
  3734 | D:3      | Reached XP level 6. HP: 43/43 MP: 3/9
  3889 | D:3      | Found an opulent altar of Gozag.
  4577 | D:4      | Found Otadidgh's Antique Weapon Emporium.
  4804 | D:4      | Found a bloodstained altar of Trog.
  5177 | D:4      | Reached skill level 8 in Transmutations
  5411 | D:4      | Noticed an orc warrior
  5437 | D:4      | Slain by an orc warrior

Skill      XL: |  1  2  3  4  5  6 |
---------------+-------------------+-----
Dodging        | 3 |  3.0
Transmutations | 3 4 5 7 8 |  8.1
Unarmed Combat | 4 |  4.3
Fighting       | |  1.3
Spellcasting   | |  2.0

Action                   |  1- 3 |  4- 6 || total
-------------------------+-------+-------++-------
Melee: Unarmed           |   123 |   196 ||   319
       Headbutt          |    15 |    12 ||    27
       Tailslap          |       |     1 ||     1
 Cast: Beastly Appendage |    23 |    20 ||    43
       Spider Form       |       |    14 ||    14
       Sticks to Snakes  |       |     2 ||     2
  Use: Scroll            |       |     6 ||     6
       Potion            |       |     1 ||     1
 Stab: Sleeping          |       |     2 ||     2
       Distracted        |       |     1 ||     1
  Eat: Chunk             |     4 |    13 ||    17
       Fruit             |       |     1 ||     1
Armor: Robe              |    22 |    19 ||    41
       Skin              |       |     8 ||     8
Dodge: Dodged            |    98 |   157 ||   255
